Map: Altitude LE

Players

Antigravedad - Winner!

  • Race: Zerg Zerg
  • Spawn Location: 1:00

VOD

Have the link to the VOD?

Description

ZxT - Roaches prio

Time

  • Played on: June 11, 2023, 1:19 p.m.
  • Length: 26:37
Show
View Real Time Build Order
Export as new Build Order

Antigravedad Zerg - Winner!

Build Orders:  

Get SALT Encoding   

  12  0:05  Drone  
  13  0:20  Overlord  
  13  0:25  Drone  
  14  0:48  Drone x2  
  16  0:52  Drone  
  17  1:07  Drone  
  18  1:20  Hatchery  
  18  1:23  Drone  
  18  1:29  Extractor  
  17  1:38  Drone  
  18  1:54  Drone, Spawning Pool  
  18  2:09  Drone  
  19  2:21  Drone  
  20  2:37  Overlord  
  20  2:55  Drone  
  21  3:04  Drone  
  21  3:08  Queen  
  24  3:10  Queen  
  24  3:19  Drone x2  
  28  3:27  Zergling x2  
  29  3:32  Drone  
  30  3:40  Drone  
  31  3:51  Zergling x2  
  31  3:58  Queen  
  34  4:04  Metabolic Boost  
  34  4:05  Queen  
  36  4:14  Overlord  
  36  4:16  Overlord  
  36  4:40  Overlord  
  36  4:44  Drone x4  
  40  4:52  Zergling x2  
  40  4:53  Zergling x4  
  43  5:09  Drone x2  
  45  5:11  Drone x2  
  47  5:23  Spine Crawler  
  46  5:35  Roach Warren  
  45  5:52  Lair  
  45  5:56  Extractor  
  45  5:59  Overlord x2  
  44  6:01  Extractor  
  44  6:02  Drone x2  
  44  6:03  Drone  
  44  6:05  Drone  
  47  6:45  Roach x3  
  47  6:46  Roach x3  
  59  7:12  Hatchery  
  59  7:18  Hydralisk Den  
  57  7:22  Evolution Chamber  
  56  7:37  Spire  
  50  8:14  Roach x4  
  50  8:15  Hydralisk x2  
  62  8:33  Drone x4  
  62  8:35  Queen  
  68  8:43  Overlord  
  68  8:52  Queen  
  70  9:06  Queen  
  72  9:24  Zerg Melee Weapons Level 1  
  72  9:29  Glial Reconstitution  
  72  9:35  Drone x2  
  72  9:36  Drone x2  
  72  9:38  Drone x2  
  78  9:42  Drone  
  79  9:55  Overlord  
  79  9:56  Queen, Overlord  
  81  10:12  Overlord x3  
  81  10:31  Hydralisk  
  81  10:32  Hydralisk x3  
  89  11:00  Drone  
  89  11:02  Unknown  
  90  11:15  Infestation Pit  
  89  11:32  Evolution Chamber, Overlord x2  
  89  11:35  Drone x3  
  89  11:36  Drone x3  
  89  11:37  Drone x2  
  96  11:42  Drone x2  
  96  11:49  Extractor  
  97  11:52  Drone  
  97  11:53  Drone x2  
  97  11:55  Drone x2, Extractor  
  97  11:56  Drone  
  97  11:57  Roach  
  97  11:58  Roach x2  
  108  12:30  Roach  
  108  12:31  Roach x2, Hydralisk x3  
  108  12:32  Roach, Hydralisk x2  
  126  12:48  Roach x2  
  126  12:49  Roach  
  132  12:52  Queen x2  
  132  12:54  Overlord  
  132  12:55  Drone  
  137  13:02  Drone  
  112  13:34  Roach  
  112  13:35  Roach x3  
  112  13:36  Hydralisk x2  
  121  13:47  Roach x2  
  121  13:48  Roach x2, Hydralisk x2  
  133  14:05  Zerg Missile Weapons Level 1  
  133  14:18  Zerg Ground Armor Level 1  
  133  14:22  Zerg Flyer Weapons Level 1  
  133  14:35  Extractor  
  133  14:36  Drone x3  
  133  14:37  Hive  
  135  14:50  Overseer  
  135  14:55  Pneumatized Carapace  
  135  14:59  Overlord  
  135  15:02  Roach x4, Hydralisk  
  145  15:16  Overlord x3  
  145  15:24  Queen  
  145  15:29  Overseer  
  147  15:43  Unknown  
  147  16:15  Overlord x3  
  147  16:17  Roach x3  
  147  16:18  Roach x6  
  147  16:19  Roach x5  
  175  16:37  Corruptor  
  177  16:46  Corruptor x2  
  181  17:00  Drone x2  
  181  17:01  Drone x3  
  186  17:11  Zerg Melee Weapons Level 2, Zerg Missile Weapons Level 2  
  186  17:13  Greater Spire  
  186  17:15  Pathogen Glands  
  186  17:24  Infestor  
  186  17:25  Infestor x3  
  194  17:50  Queen x2  
  194  17:52  Queen  
  200  18:22  Hatchery  
  199  18:35  Neural Parasite  
  173  19:57  Roach x4, Hydralisk  
  173  19:58  Roach x3, Hydralisk x2  
  193  20:00  Corruptor x3  
  199  20:21  Zerg Ground Armor Level 2  
  177  22:19  Roach x4  
  161  22:20  Roach x4, Hydralisk x2  
  161  22:21  Roach x2, Hydralisk x3  
  161  22:22  Roach x3, Hydralisk x2  
  161  22:23  Roach, Hydralisk  
  161  22:24  Roach x2  
  197  23:01  Queen  
  197  23:56  Roach  
Tags
 
Add a new tag
Caveats
  • Supply blocks, unpowered buildings, or Contaminate may cause inaccurate times.
  • Supply counts are checked every 10 seconds.